← All builds
Front / Cortex / Economy first / OBSERVED BUILD

Standard front

Cortex Front build order · Supreme Isthmus

The role's default economy-first play: Bot Lab right away, Advanced Metal Extractor around 9:12, transitioning into the usual Thug/Grunt/Aggravator mix to hold the wider gap and feed the middle.

#eco #defence · 188 distinct matches · 64 players · 62% of Cortex Front games · team won 45% of 191 · Recently observed

HOW TO PLAY IT

Key timing: Bot Lab by 0:40

  1. Take 3 mex, then wind before opening Bot Lab.
  2. Finish Bot Lab, start producing Thug, Grunt and Aggravator.
  3. Send early units to coast first to stop leaks, not straight to mid.
  4. Add Twin Guard and Radar Tower to hold the wider gap.
  5. Bring Advanced Metal Extractor online as army transitions to T2.

Phase by phase

TYPICAL OF ITS 188 GAMES
  1. 1
  2. 2
  3. 3
PLAY THE OPENING

Follow the example game's first 6:00 step by step: what to build now, what comes next, and where it goes. At 1× it keeps pace with your own game.

  1. 1

    Up to the Bot Lab

    Economy
    • Metal Extractor2Mex
    Order
    1. Bot LabBot Lab after 2 mex, 1 winddone ~0:40, middle half 0:33–0:46

    Some games also: wind (49%)

    By 0:24 in all: 2 mex

    The example game in this phase · 1 step
    1. Bot LabBot Labdone 0:20 · typical 0:40
  2. 2

    Bot Lab to 5:00

    Economy
    • Metal Extractor4Mex
    • Wind Turbine4Wind
    Builders
    • Construction Bot3 Con bot
    • Graverobber2 Graverobber
    Army
    • Guard2 Guard
    • Thug7 Thug
    • Aggravator5 Aggravator
    • Grunt4 Grunt

    Some games also: con turret (41%) · Radar Tower (35%)

    By 5:00 in all: 6 mex · 5 wind

    The example game in this phase · 30 steps
    1. GraverobberGraverobber
    2. GruntGrunt
    3. GuardGuard
    4. Construction BotCon bot
    5. Mex
    6. Construction BotCon bot
    7. Mex
    8. Construction BotCon bot
    9. Mex ×2
    10. AggravatorAggravator ×2
    11. Mex
    12. AggravatorAggravator
    13. GuardGuard
    14. AggravatorAggravator
    15. Mex ×2
    16. AggravatorAggravator ×2
    17. GuardGuard
    18. AggravatorAggravator
    19. Wind
    20. AggravatorAggravator ×2
    21. GuardGuard
    22. AggravatorAggravator
    23. Wind
    24. Construction BotCon bot
    25. AggravatorAggravator
    26. Wind
    27. AggravatorAggravator ×3
    28. Wind
    29. AggravatorAggravator ×9
    30. GraverobberGraverobber ×2
  3. 3

    5:00 to 10:00

    Economy
    • Metal Extractor1Mex
    • Wind Turbine17Wind
    Builders
    • Construction Turret2 Con turret
    • Graverobber2 Graverobber
    • Construction Bot2 Con bot
    Army
    • Guard1 Guard
    • Grunt7 Grunt
    • Thug2 Thug

    Some games also: aggravator (49%) · energy storage (41%) · Radar Tower (38%) · Twin Guard (36%) · converter (35%)

    By 10:00 in all: 7 mex · 24 wind · 3 con turret

    The example game in this phase · 90 steps
    1. GraverobberGraverobber
    2. AggravatorAggravator ×8
    3. Construction BotCon bot
    4. Radar TowerRadar Tower
    5. AggravatorAggravator ×3
    6. GraverobberGraverobber ×2
    7. AggravatorAggravator ×8
    8. GruntGrunt ×3
    9. Radar TowerRadar Tower
    10. GruntGrunt ×11
    11. Wind
    12. GruntGrunt ×4
    13. Wind
    14. GruntGrunt ×4
    15. Wind
    16. GruntGrunt ×2
    17. Advanced Metal ExtractorT2 mexdone 9:59 · typical 9:12
    18. GruntGrunt ×2
    19. GuardGuard
    20. Wind
    21. Con turret
    22. Wind ×4
    23. Advanced Metal ExtractorT2 mex
    24. Wind
    25. GraverobberGraverobber
    26. Wind
    27. Mex
    28. GraverobberGraverobber
    29. Advanced Metal ExtractorT2 mex
    30. GuardGuard
    31. GraverobberGraverobber
    32. Wind ×2
    33. Advanced Metal ExtractorT2 mex
    34. Wind
    35. Construction BotCon bot
    36. Wind
    37. Mex
    38. Construction BotCon bot
    39. Wind
    40. Construction BotCon bot
    41. Wind
    42. Construction BotCon bot
    43. GruntGrunt
    44. Wind
    45. Shark's TeethShark's Teeth
    46. GruntGrunt
    47. Con turret
    48. Advanced Metal ExtractorT2 mex
    49. GuardGuard
    50. GruntGrunt
    51. Wind
    52. GruntGrunt
    53. Wind
    54. GruntGrunt
    55. Wind
    56. GruntGrunt ×4
    57. Wind
    58. RattlesnakeRattlesnakenot finished by 15:00
    59. GruntGrunt ×2
    60. Wind
    61. GruntGrunt ×2
    62. Wind
    63. RattlesnakeRattlesnake
    64. GruntGrunt ×3
    65. Wind
    66. GruntGrunt
    67. Fortification WallFortification Wall
    68. GruntGrunt ×2
    69. Wind
    70. GruntGrunt ×2
    71. Wind
    72. GruntGrunt ×2
    73. GraverobberGraverobber
    74. Wind
    75. Con turret
    76. Energy storage
    77. GraverobberGraverobber
    78. GruntGrunt
    79. Wind
    80. GruntGrunt ×2
    81. Wind
    82. Con turret ×3
    83. Wind
    84. Con turret
    85. Advanced Metal ExtractorT2 mex
    86. GruntGrunt ×6
    87. Bot LabBot Labdone 14:53
    88. GruntGrunt
    89. JunoJuno
    90. GruntGrunt

Counts are medians over the build's games: half of them build more, half fewer. The example game is Erilium's (48 OS, 03/10/2026); pick another.

Team trades

IN AT LEAST 30% OF ITS GAMES

You hand over

Nothing regular.

You get

  • Tidal Generator4 Tidal from Pondfirst at 0:17 · in 67% of games
  • Advanced Construction Bot1 T2 con bot from Geo or Techfirst at 7:33 · in 66% of games

How it plays out

Typical game of this build, running totals by minute

Metal produced

010k20k30k
0:005:0010:0015:00

metal

Enemy metal destroyed

02.5k5k7.5k
0:005:0010:0015:00

metal

Own metal lost

05k10k
0:005:0010:0015:00

metal

191 games.

Show as table
ByMetal produced: This buildEnemy metal destroyed: This buildOwn metal lost: This build
1:0033100
2:0085800
3:0016238686
4:002684366326
5:003814938875
6:00505116511622
7:00631023642607
8:00765531393548
9:00902136104317
10:001084842455102
11:001278048825948
12:001495252076900
13:001730857597591
14:001971462628368
15:002249370189398
WHAT THE NUMBERS SAY

This build has the worst win rate of the roles shown and trails Suicide front on kills while losing nearly as much metal.

  • + Produces more metal than Suicide front by 15:00 (22286 vs 18297).
  • + T2 constructor lands slightly faster (7:41) than Suicide front's 8:07.
  • − Loses 9797 own metal by 15:00, close to what it destroys (6775).
  • − Wins only 40% of games, well below every other role shown.
THE EXAMPLE YOU ARE READING

Erilium

48.1 OS · 03/10/2026

Open source match ↗

6 received units · includes a constructor
23 metal received · 29050 energy received

Allied construction assistance is unknown. Timings are observations, not a promise of solo reproducibility.

Typical milestones

Bot Lab0:40Middle 50%: 0:33–0:46 · n=179
Advanced Metal Extractor9:12Middle 50%: 8:11–10:29 · n=150

Played most by

Hummell20games of this buildwatermeloans19games of this buildiLike2Eco13games of this buildGeeGee11games of this buildErilium10games of this build